 Dungeon Crawl Stone Soup version 0.21-a0-531-gacddea6 (webtiles) character file.

135 AverageBear the Slicer (level 4, 0/27 HPs)
             Began as a Deep Elf Fighter on Dec 12, 2017.
             Was an Initiate of Ashenzari.
             Slain by Rainman's ghost (6 damage)
             ... on level 3 of the Dungeon.
             The game lasted 00:02:09 (2265 turns).

AverageBear the Slicer (Deep Elf Fighter)           Turns: 2265, Time: 00:02:09

Health: 0/27       AC:  6    Str: 16 (19) XL:     4   Next: 97%
Magic:  6/6        EV:  6    Int: 13      God:    Ashenzari [......]
Gold:   152        SH:  8    Dex: 11 (14) Spells: 3/3 levels left

rFire    . . .     SeeInvis .   a - +0 rapier
rCold    . . .     Gourm    .   c - +0 shield
rNeg     . . .     Faith    .   b - +0 scale mail
rPois    .         Spirit   .   (no helmet)
rElec    .         Reflect  .   (no cloak)
rCorr    .         Harm     .   (no gloves)
MR       .....                  (no boots)
Stlth    ..........             (no amulet)
HPRegen  0.09/turn              (no ring)
MPRegen  0.10/turn              (no ring)

@: mighty
A: no striking features
a: Curse Item, Renounce Religion


You were on level 3 of the Dungeon.
You worshipped Ashenzari.
Ashenzari was noncommittal.
You were very hungry.

You visited 1 branch of the dungeon, and saw 3 of its levels.

You collected 152 gold pieces.

Inventory:

Hand Weapons
 a - a +0 rapier (weapon)
Armour
 b - a +0 scale mail (worn)
 c - a +0 shield (worn)
Jewellery
 n - an uncursed ring of fire
Scrolls
 g - 2 scrolls of remove curse
 k - a scroll of teleportation
 o - a scroll of enchant armour {unknown}
Comestibles
 f - 2 bread rations
 h - 2 meat rations
 j - 4 fruits
 l - a royal jelly


   Skills:
 - Level 2.4 Fighting
 + Level 11.1 Short Blades
 - Level 2.4 Armour
 - Level 2.4 Shields


You had 3 spell levels left.
You didn't know any spells.

Dungeon Overview and Level Annotations

Branches:
Dungeon (3/15)

Altars:
Ashenzari

Annotations:
D:3 Grinder; Rainman's ghost, amateur DEWz


Message History

Your shield and scale mail prevent you from hitting Rainman's ghost.
Rainman's ghost is moderately damaged.
Rainman's ghost hits you but does no damage.
Grinder hits you.
* * * LOW HITPOINT WARNING * * *
You writhe in agony.
* * * LOW HITPOINT WARNING * * *
You block the crimson imp's attack.
It was a potion of curing.
You feel better. Rainman's ghost hits you.
* * * LOW HITPOINT WARNING * * *
Grinder gestures at you. You resist with significant effort.
The crimson imp hits you.
* * * LOW HITPOINT WARNING * * *
It was a potion of experience.
You feel more experienced!
Your Short Blades skill gained 7 levels and is now at level 11!
You have reached level 4!
You feel clever. Rainman's ghost hits you.
You die...

..... #..
.....##.# ..
...W.....# .
.........## . .
.......... .# .#
........#####.#...
................[.
####.##W##....#..#
#.5@5..<.....(.
####...........
#.##........
#.##........
.....##....#
##.##.. .....
#.#### ..#.. #..
.###


You could see Grinder, Rainman's ghost and a crimson imp.

Vanquished Creatures
  An adder (D:2)
  An ooze (D:1)
  A worm (D:2)
  A leopard gecko (D:1)
  4 giant cockroaches
  4 goblins
  8 hobgoblins
  3 jackals (D:1)
  5 bats
  2 frilled lizards (D:1)
  8 kobolds
  9 rats (D:1)
47 creatures vanquished.

Notes
Turn   | Place    | Note
-------+----------+-------------------------------------------
     0 | D:1      | AverageBear the Deep Elf Fighter began the quest for the Orb.
     0 | D:1      | Reached XP level 1. HP: 13/13 MP: 3/3
   361 | D:1      | Reached XP level 2. HP: 6/18 MP: 4/4
   594 | D:1      | Reached skill level 3 in Short Blades
   803 | D:1      | Reached XP level 3. HP: 22/22 MP: 5/5
  1272 | D:2      | Reached skill level 4 in Short Blades
  1652 | D:2      | Found a shattered altar of Ashenzari.
  1658 | D:2      | Became a worshipper of Ashenzari the Shackled
  1699 | D:2      | Found a faded altar of an unknown god.
  1987 | D:3      | Noticed Grinder
  1987 | D:3      | Paralysed by Grinder for 6 turns
  1993 | D:3      | Noticed Rainman's ghost (amateur DEWz)
  2252 | D:3      | Paralysed by Grinder for 4 turns
  2263 | D:3      | HP: 1/22 [Grinder (3)]
  2265 | D:3      | Reached skill level 11 in Short Blades
  2265 | D:3      | Reached XP level 4. HP: 6/27 MP: 6/6
  2265 | D:3      | Slain by Rainman's ghost

Vault maps used:
D:1:      onia_arrival_larder
D:2:      evilmike_ruin_ashenzari, chequers_ecumenical_altar_lobes
D:3:      lemuel_doored_altar, lemuel_crystal_altar, uniq_ijyb, uniq_grinder,
          uniq_sigmund, uniq_crazy_yiuf_cottage

Skill      XL: |  1  2  3 |
---------------+----------+-----
Short Blades   | 3 11 | 11.1
Fighting       | |  2.4
Armour         | |  2.4
Shields        | |  2.4

Action                   |  1- 3 |  4- 6 || total
-------------------------+-------+-------++-------
Melee: Rapier            |   183 |       ||   183
  Use: Potion            |     5 |       ||     5
       Scroll            |     2 |       ||     2
  Eat: Chunk             |     3 |       ||     3
Armor: Scale mail        |    98 |       ||    98
Dodge: Dodged            |    60 |       ||    60
Block: Shield            |    85 |       ||    85

Table legend:
 A = Spawn XP
 B = Non-spawn XP
 C = Spawn XP percentage of total XP
 D = Spawn monster count
 E = Non-spawn monster count
 F = Spawn count percentage of total count
 G = Total turns spent on level
                    A         B        C        D         E        F      G
               +---------+---------+-------+---------+---------+-------+---------
         Total |       0 |      96 |   0.0 |       0 |      47 |   0.0 |  2265
               +---------+---------+-------+---------+---------+-------+---------
           D:1 |       0 |      60 |   0.0 |       0 |      35 |   0.0 |  1221
           D:2 |       0 |      36 |   0.0 |       0 |      12 |   0.0 |  1010
               +---------+---------+-------+---------+---------+-------+---------
